 Dungeon Crawl Stone Soup version 0.18.1-50-g88ac8fd (webtiles) character file.

96 NoMoreDrama the Shield-Bearer (level 4, -6/35 HPs)
             Began as a Human Fighter on Oct 23, 2016.
             Mangled by an orc
             ... wielding a cursed -1 flail
              (8 damage)
             ... on level 3 of the Dungeon.
             The game lasted 00:17:49 (2109 turns).

NoMoreDrama the Shield-Bearer (Human Fighter)       Turns: 2109, Time: 00:17:50

Health: -6/35      AC:  6    Str: 17    XL:     4   Next: 98%
Magic:  13/13      EV:  7    Int:  9    God:
Gold:   95         SH:  9    Dex: 12    Spells: 0 memorised, 3 levels left

rFire  . . .     SeeInvis .     l - -2 short sword (curse)
rCold  . . .     Gourm    .     b - +0 scale mail
rNeg   . . .     Faith    .     c - +0 shield
rPois  .         Spirit   .     (no helmet)
rElec  .         Dismiss  .     (no cloak)
rCorr  .         Reflect  .     (no gloves)
SustAt .         Harm     .     (no boots)
MR     +....                    o - amulet of rage (curse)
Stlth  ..........               s - ring of magical power
                                m - ring of protection from magic

@: somewhat resistant to hostile enchantments, extremely unstealthy
A: no striking features
a: Evoke Berserk Rage


You were on level 3 of the Dungeon.
You were not hungry.

You visited 1 branch of the dungeon, and saw 3 of its levels.

You collected 95 gold pieces.

Inventory:

Hand Weapons
 a - a +0 war axe
 h - a +0 spear
 l - a cursed -2 short sword (weapon)
 t - a +0 club
Missiles
 i - 47 stones (quivered)
 n - 51 arrows
Armour
 b - a +0 scale mail (worn)
 c - a +0 shield (worn)
 e - a +0 ring mail
 j - a +0 robe
 k - a +0 pair of gloves
Jewellery
 g - an uncursed amulet of faith
 m - a ring of protection from magic (left hand)
 o - a cursed amulet of rage (around neck)
 r - an uncursed amulet of guardian spirit
 s - a ring of magical power (right hand)
Scrolls
 p - a scroll of amnesia {unknown}
Potions
 d - a potion of might
 q - a potion of flight
Comestibles
 f - 2 bread rations


   Skills:
 + Level 3.4 Fighting
 + Level 2.3 Axes
 + Level 3.4 Armour
 + Level 1.3 Dodging
 * Level 1.0 Stealth
 + Level 3.8 Shields


You had 3 spell levels left.
You didn't know any spells.

Dungeon Overview and Level Annotations

Branches:
Dungeon (3/15)

Altars:
Fedhas


Message History

You barely miss the orc.
The orc is heavily wounded.
You block the orc's attack.
You barely miss the orc.
The orc is heavily wounded.
The orc hits you with a flail.
* * * LOW HITPOINT WARNING * * *
You hit the orc but do no damage.
The orc is heavily wounded.
You block the orc's attack.
You hit the orc but do no damage.
The orc is heavily wounded.
The orc hits you but does no damage.
You closely miss the orc.
The orc is heavily wounded.
You block the orc's attack.
You hit the orc but do no damage.
The orc is heavily wounded.
The orc hits you with a flail!
You die...

[............................
..............#..............
##......).....#..............
#.............#..............
#.............#..............
#.........................
#..............####......
...............####......
..............o@.........
.........................
.........................
...............######....
...######......# ... ...
#......# .. .. #......# .
########


You could see an orc.

Vanquished Creatures
  5 adders
  An ooze (D:1)
  A worm (D:2)
  A dart slug (D:1)
  6 bats
  3 giant cockroaches
  6 hobgoblins
  A ball python (D:1)
  3 giant newts (D:1)
  4 goblins
  7 kobolds
  8 rats
  4 plants (D:2)
50 creatures vanquished.

Notes
Turn   | Place    | Note
--------------------------------------------------------------
     0 | D:1      | NoMoreDrama the Human Fighter began the quest for the Orb.
     0 | D:1      | Reached XP level 1. HP: 18/18 MP: 1/1
   112 | D:1      | Reached XP level 2. HP: 24/24 MP: 2/2
   554 | D:1      | Reached XP level 3. HP: 26/29 MP: 3/3
   779 | D:2      | Found a blossoming altar of Fedhas.
   999 | D:2      | Reached XP level 4. HP: 34/35 MP: 4/4
  1238 | D:3      | Reached skill level 1 in Dodging
  1566 | D:3      | Reached skill level 1 in Stealth
  2109 | D:3      | Mangled by an orc

Skill      XL: |  1  2  3  4 |
---------------+-------------+-----
Dodging        | 1 |  1.3
Stealth        | 1 |  1.0
Fighting       | |  3.4
Axes           | |  2.3
Armour         | |  3.4
Shields        | |  3.8

Action                   |  1- 3 |  4- 6 || total
-------------------------+-------+-------++-------
Melee: War axe           |   163 |       ||   163
       Short sword       |     5 |   116 ||   121
  Use: Scroll            |     1 |       ||     1
       Potion            |     3 |     1 ||     4
  Eat: Beef jerky        |     1 |       ||     1
       Bread ration      |       |     1 ||     1
Armor: Scale mail        |    91 |    37 ||   128
Dodge: Dodged            |    47 |    32 ||    79
Block: Shield            |   100 |    51 ||   151
